 Dungeon Crawl Stone Soup version 0.29-a0-1047-g7c58e119a4 (webtiles) character file.

Game seed: 10138613076623458441

1015872 ragingrage the Intangible (level 27, 0/249 HPs)
             Began as a Merfolk Gladiator on Aug 16, 2022.
             Was the Champion of the Shining One.
             Slain by a shard shrike (5 damage)
             ... while petrified by a nargun
             ... on level 4 of Cocytus.
             The game lasted 03:23:52 (102561 turns).

ragingrage the Intangible (Merfolk Gladiator)     Turns: 102561, Time: 03:23:53

Health: 0/249      AC: 27    Str: 22 (25) XL:     27
Magic:  0/33       EV:  2    Int: 14      God:    the Shining One [******]
Gold:   6375       SH:  0    Dex: 33      Spells: 27/32 levels left

rFire   + + +      SeeInvis .   a - +9 eudemon blade (holy)
rCold   + + +      Faith    .   o - +5 kite shield of Claustrophobia {rC+ Dex+6}
rNeg    + + +      Spirit   +   L - +8 ring mail of Midnight {rPois Regen+ Str+4 Int+6}
rPois   ∞          Reflect  .   g - +0 helmet of Anarchy {rF+ rN+ rCorr Stlth+}
rElec   +          Harm     .   Z - scarf {shadows}
rCorr   +          Rampage  .   A - +2 pair of gloves {Dex+3}
Will    +....                   t - +3 pair of mountain boots {steadfast, rC+}
Stlth   ++++......              k - brooch of Shielding {Spirit SH+8}
HPRegen 1.31/turn               P - ring of protection from cold
MPRegen 0.23/turn               r - ring "Epnugg" {Fly rElec rF+}

@: petrified, weak-willed, flying, glowing, studying Summonings, unable to drink
A: (nimble swimmer 2), mertail, fire resistance 1, low MP 1, screaming 1, strong
1, no potion heal 1, inability to read after injury 1
}: 8/15 runes: decaying, serpentine, slimy, silver, iron, obsidian, bone,
abyssal
a: Renounce Religion, Divine Shield, Cleansing Flame, Summon Divine Warrior


You were on level 4 of Cocytus.
You worshipped the Shining One.
The Shining One was exalted by your worship.
You visited 17 branches of the dungeon, and saw 82 of its levels.
You visited Pandemonium 1 time, and saw 7 of its levels.
You visited the Abyss 3 times.
You visited 1 bazaar.
You also visited: Sewer and Gauntlet.

You collected 14540 gold pieces.
You spent 8165 gold pieces at shops.

Inventory:

Hand Weapons
 a - a +9 eudemon blade of holy wrath (weapon)
 R - the +7 lajatang of Order {silver, rMut}
   (You found it on level 5 of the Pits of Slime)

   It inflicts extra damage upon those it strikes, and deals substantially
   increased damage to chaotic, mutated and magically transformed beings.
   rMut:      It protects you from mutation.
Missiles
 d - 2 throwing nets
 i - 3 silver boomerangs
 s - 5 boomerangs (quivered)
 w - 32 javelins
 y - 13 silver javelins
 Q - 7 boomerangs of dispersal
 T - 3 curare-tipped darts
Armour
 g - the +0 helmet of Anarchy (worn) {rF+ rN+ rCorr Stlth+}
   (You found it on level 5 of the Vaults)

   rF:        It protects you from fire.
   rN:        It protects you from negative energy.
   rCorr:     It protects you from acid and corrosion.
   Stlth:     It makes you more stealthy.
 n - the +2 pair of boots of Parts Unknown {Regen+ rCorr}
   (Okawaru gifted it to you on level 4 of the Depths)

   Regen:     It increases your rate of health regeneration.
   rCorr:     It protects you from acid and corrosion.
 o - the +5 kite shield of Claustrophobia (worn) {rC+ Dex+6}
   (Okawaru gifted it to you on level 3 of the Elven Halls)

   Dex:       It affects your dexterity (+6).
   rC:        It protects you from cold.
 t - the +3 pair of mountain boots (worn) {steadfast, rC+}
   (You acquired it on level 2 of the Depths)

   It prevents involuntary movement, except for blinking, teleportation, or
   banishment.
   rC:        It protects you from cold.
 A - a +2 pair of gloves of dexterity (worn)
 L - the +8 ring mail of Midnight (worn) {rPois Regen+ Str+4 Int+6}
   (Okawaru gifted it to you on level 2 of the Swamp)

   Str:       It affects your strength (+4).
   Int:       It affects your intelligence (+6).
   rPois:     It protects you from poison.
   Regen:     It increases your rate of health regeneration.
 Z - a scarf of shadows (worn)
Jewellery
 k - the brooch of Shielding (around neck) {Spirit SH+8}
   (You found it on level 13 of the Dungeon)

   [amulet of guardian spirit]

   It causes incoming damage to be divided between your reserves of health and
   magic.
   SH:        It affects your SH (+8).
 q - a +4 ring of slaying
 r - the ring "Epnugg" (right hand) {Fly rElec rF+}
   (You took it off a deep elf sorcerer on level 3 of the Elven Halls)

   [ring of flight]

   rF:        It protects you from fire.
   rElec:     It insulates you from electricity.
   Fly:       It grants you flight.
 J - the ring of the Thoughtful Beds {rPois rCorr Int+5 Dex+4 Stlth-}
   (You found it on level 7 of the Iron City of Dis)

   [ring of resist corrosion]

   Int:       It affects your intelligence (+5).
   Dex:       It affects your dexterity (+4).
   rPois:     It protects you from poison.
   rCorr:     It protects you from acid and corrosion.
   Stlth:     It makes you less stealthy.
 P - a ring of protection from cold (left hand)
 Y - the ring of Qablusig {*Slow rPois rCorr Str+5 Dex+6}
   (You found it on level 7 of Tartarus)

   [ring of dexterity]

   Str:       It affects your strength (+5).
   Dex:       It affects your dexterity (+6).
   rPois:     It protects you from poison.
   rCorr:     It protects you from acid and corrosion.
   *Slow:     It may slow you when you take damage.
Wands
 c - a wand of roots (46)
 e - a wand of acid (39)
 f - a wand of mindburst (50)
 h - a wand of digging (3)
 u - a wand of flame (66)
Scrolls
 x - 3 scrolls of magic mapping
 z - a scroll of butterflies
 C - 2 scrolls of enchant weapon
 D - 12 scrolls of poison
 E - 6 scrolls of amnesia
 K - 11 scrolls of blinking
 O - 6 scrolls of silence
 S - 2 scrolls of enchant armour
 U - 9 scrolls of vulnerability
 V - 20 scrolls of teleportation
 W - 10 scrolls of fear
Potions
 j - 27 potions of curing
 l - 7 potions of heal wounds
 p - 9 potions of might
 v - 12 potions of haste
 B - 8 potions of berserk rage
 F - 3 potions of mutation
 H - 4 potions of ambrosia
 I - 5 potions of magic
 M - 17 potions of attraction
 N - 6 potions of cancellation
 X - 3 potions of resistance
Miscellaneous
 b - a phantom mirror
 m - a phial of floods
 G - a tin of tremorstones (2/2)


   Skills:
 O Level 27 Fighting
 - Level 24.0 Long Blades
 - Level 14.0 Staves
 - Level 16.0 Throwing
 * Level 18.4 Armour
 O Level 27 Dodging
 - Level 21.0 Stealth
 * Level 22.3 Shields
 - Level 3.0 Spellcasting
 - Level 5.0 Translocations
 - Level 4.0 Transmutations
 + Level 21.4 Invocations
 + Level 21.2 Evocations


You had 27 spell levels left.
You knew the following spells:

 Your Spells              Type           Power      Damage    Failure   Level
a - Wereblood             Tmut           13%        N/A       11%         2
b - Blink                 Tloc           32%        N/A       7%          2
c - Necrotise             Necr           8%         1d4       34%         1

Your spell library contained the following spells:

 Spells                   Type           Power      Damage    Failure   Level
 Gell's Gravitas          Tloc           16%        N/A       14%         3
 Lesser Beckoning         Tloc           16%        N/A       14%         3
 Teleport Other           Tloc           16%        N/A       14%         3
 Sting                    Tmut/Pois      28%        1d4       16%         1
 Passwall                 Tmut/Erth      5%         N/A       24%         2
 Freeze                   Ice            8%         1d3       34%         1
 Magic Dart               Conj           8%         1d3       34%         1
 Sandblast                Erth           4%         2d4       34%         1
 Shock                    Conj/Air       8%         1d3       34%         1
 Summon Small Mammal      Summ           8%         N/A       34%         1
 Portal Projectile        Hex/Tloc       18%        N/A       36%         3
 Spider Form              Tmut/Pois      7%         N/A       43%         3
 Call Imp                 Summ           2%         N/A       47%         2
 Ensorcelled Hibernation  Hex/Ice        4%         N/A       47%         2
 Poisonous Vapours        Pois/Air       4%         N/A       47%         2
 Scorch                   Fire           4%         2d5       47%         2
 Searing Ray              Conj           4%         2d4       47%         2
 Static Discharge         Conj/Air       2%         3-4/arc   47%         2
 Sublimation of Blood     Necr           2%         N/A       47%         2
 Ignite Poison            Fire/Tmut/Pois 5%         N/A       54%         3
 Call Canine Familiar     Summ           2%         N/A       71%         3
 Conjure Flame            Conj/Fire      2%         6-21      71%         3
 Frozen Ramparts          Ice            4%         1d1       71%         3
 Mephitic Cloud           Conj/Pois/Air  2%         N/A       71%         3
 Stone Arrow              Conj/Erth      4%         3d7       71%         3
 Summon Guardian Golem    Hex/Summ       2%         N/A       71%         3
 Swiftness                Air            2%         N/A       71%         3
 Tukima's Dance           Hex            2%         N/A       71%         3
 Vampiric Draining        Necr           2%         2d6       71%         3
 Iskenderun's Mystic Bla  Conj/Tloc      9%         2d4       77%         4
 Manifold Assault         Tloc           16%        N/A       77%         5
 Ice Form                 Ice/Tmut       7%         N/A       83%         4
 Petrify                  Tmut/Erth      7%         N/A       83%         4
 Blade Hands              Tmut           6%         N/A       88%         5
 Airstrike                Air            1%         2d(1-17)  98%         4
 Anguish                  Hex/Necr       1%         N/A       98%         4
 Animate Armour           Summ/Erth      4%         N/A       98%         4
 Cause Fear               Hex            1%         N/A       98%         4
 Corpse Rot               Necr/Pois/Air  2%         N/A       98%         4
 Dispel Undead            Necr           2%         3d7       98%         4
 Flame Wave               Conj/Fire      2%         2d4       98%         4
 Fulminant Prism          Conj/Hex       1%         3d6       98%         4
 Hailstorm                Conj/Ice       2%         3d3       98%         4
 Leda's Liquefaction      Hex/Erth       1%         N/A       98%         4
 Olgreb's Toxic Radiance  Pois           2%         N/A       98%         4
 Sticky Flame             Conj/Fire      2%         2d3       98%         4
 Summon Ice Beast         Ice/Summ       2%         N/A       98%         4
 Summon Lightning Spire   Summ/Air       2%         N/A       98%         4
 Summon Forest            Summ/Tloc      4%         N/A       98%         5
 Irradiate                Conj/Tmut      3%         3d12      99%         5
 Agony                    Necr           2%         N/A       100%        5
 Fireball                 Conj/Fire      1%         3d3       100%        5
 Freezing Cloud           Conj/Ice/Air   1%         6-21      100%        5
 Iskenderun's Battlesphe  Conj           2%         2d6       100%        5
 Lee's Rapid Deconstruct  Erth           1%         3d5*      100%        5
 Lightning Bolt           Conj/Air       1%         1d12      100%        5
 Metabolic Englaciation   Hex/Ice        1%         N/A       100%        5
 Conjure Ball Lightning   Conj/Air       1%         3x3d6     100%        6
 Death Channel            Necr           1%         N/A       100%        6
 Dispersal                Tloc           8%         N/A       100%        6
 Eringya's Noxious Bog    Tmut/Pois      3%         N/A       100%        6
 Iron Shot                Conj/Erth      1%         9d1       100%        6
 Starburst                Conj/Fire      1%         6d3       100%        6
 Statue Form              Tmut/Erth      4%         N/A       100%        6
 Summon Cactus Giant      Summ           1%         N/A       100%        6
 Dragon Form              Tmut           6%         N/A       100%        7
 Ozocubu's Refrigeration  Ice            1%         4d7       100%        7
 Spellforged Servitor     Conj/Summ      1%         N/A       100%        7
 Storm Form               Tmut/Air       3%         N/A       100%        7
 Summon Hydra             Summ           1%         N/A       100%        7
 Borgnjor's Revivificati  Necr           1%         N/A       100%        8
 Discord                  Hex            1%         N/A       100%        8
 Disjunction              Tloc           8%         N/A       100%        8
 Ignition                 Fire           1%         3d3       100%        8
 Maxwell's Capacitive Co  Air            1%         ∞         100%        8
 Necromutation            Tmut/Necr      3%         N/A       100%        8
 Chain Lightning          Conj/Air       1%         3d1       100%        9
 Death's Door             Necr           1%         N/A       100%        9
 Dragon's Call            Summ           1%         N/A       100%        9
 Fire Storm               Conj/Fire      1%         7d1       100%        9
 Shatter                  Erth           1%         3d5*      100%        9


Dungeon Overview and Level Annotations

Branches:
Dungeon (15/15)            Temple (1/1) D:6            Lair (5/5) D:9
  Swamp (4/4) Lair:2        Snake (4/4) Lair:3        Slime (5/5) Lair:5
    Orc (2/2) D:10            Elf (3/3) Orc:2        Vaults (5/5) D:13
  Crypt (3/3) Vaults:2       Tomb (0/3) Crypt:3      Depths (4/4) D:15
   Hell (visited)             Dis (7/7) Hell            Geh (7/7) Hell
    Coc (4/7) Hell            Tar (7/7) Hell            Zot (5/5) Depths:4
  Sewer (visited)         Gauntlet (visited)

Altars:
Ashenzari
Cheibriados
Dithmenos
Elyvilon
Fedhas
Gozag
Hepliaklqana
Kikubaaqudgha
Makhleb
Nemelex Xobeh
Okawaru
Qazlal
Ru
Sif Muna
Trog
Uskayaw
Vehumet
Wu Jian
Xom
Yredelemnul
Zin
The Shining One
Lugonu

Shops:
D:4 *   D:9 (   Orc:2 *([:*   Elf:1 *   Elf:2 ?   Snake:4 =   Vaults:2 !
Depths:2 !

Portals:
Hell: Depths:1 Depths:2 Depths:3 Depths:4
Abyss: Depths:2 Depths:3 Depths:4
Pandemonium: Depths:2
Ziggurat: Depths:3
Trove: Depths:1 (give 2 scrolls of acquirement)

Annotations:
D:5 1 runed translucent door, Crazy Yiuf
Snake:3 exclusion: downstairs
Elf:2 3 runed translucent doors


Innate Abilities, Weirdness & Mutations

((You are very nimble when in or above water. (Stealth+, EV+, Speed+++)))
Your lower body shifts to a powerful aquatic tail in water.
Your flesh is heat resistant. (rF+)
Your magical capacity is low. (-10% MP)
You occasionally shout uncontrollably at your foes.
Your muscles are strong. (Str +4, Int/Dex -1)
Potions are less effective at restoring your health.
You occasionally lose the ability to read scrolls when taking damage.


Message History

The shard shrike spits a shard of ice at you.
The shard of ice hits you!! You partially resist.
* * * LOW HITPOINT WARNING * * *
The nargun hits you.
* * * LOW HITPOINT WARNING * * *
The nargun bites you!
* * * LOW HITPOINT WARNING * * *
The nargun freezes you! You resist.
* * * LOW HITPOINT WARNING * * *
The azure jelly completely misses you. The azure jelly hits you.
* * * LOW HITPOINT WARNING * * *
The azure jelly freezes you! You resist.
* * * LOW HITPOINT WARNING * * *
The azure jelly hits you but does no damage. x2
The shard shrike claws you.
* * * LOW HITPOINT WARNING * * *
The shard shrike freezes you! You resist.
* * * LOW HITPOINT WARNING * * *
The shard shrike barely misses you.
The shard shrike claws you but does no damage. x5
The shard shrike spits a shard of ice at you.
The shard of ice hits you! You partially resist.
* * * LOW HITPOINT WARNING * * *
The shard shrike claws you.
* * * LOW HITPOINT WARNING * * *
The shard shrike freezes you! You resist.
* * * LOW HITPOINT WARNING * * *
The nargun hits you but does no damage. The nargun bites you.
* * * LOW HITPOINT WARNING * * *
The nargun freezes you! You resist.
* * * LOW HITPOINT WARNING * * *
The azure jelly completely misses you.
The azure jelly hits you but does no damage. x3
The shard shrike claws you but does no damage. x3
The shard shrike claws you!
* * * LOW HITPOINT WARNING * * *
The shard shrike freezes you! You resist.
* * * LOW HITPOINT WARNING * * *
The shard shrike claws you!
You die...

≈≈≈. .~# ≈≈.. #°○# ≈≈
#..## #°°.# ≈.#
#..###..○☼. ≈..###
#..1.○°°°.
≈......##.Jb9.☼#
≈≈.........b@bE#
#≈≈........bbbbE#
#≈≈........###≈≈≈≈#
##≈≈.......## #≈≈...
##≈≈≈......# ~~~..
##≈≈≈≈.....## .E~≈≈
##≈≈≈≈......###..~≈≈≈
##≈≈≈......≈≈≈...≈
##≈≈....~~≈≈≈≈≈..≈


You could see 7 shard shrikes, an Ice Fiend, an azure jelly, an elemental
wellspring, a nargun and 2 water elementals.

Vanquished Creatures
  Asmodeus (Geh:7)
  the Royal Jelly (Slime:5)
  8 dread liches
  Dispater (Dis:7)
  5 orbs of fire
  5 ancient liches
  3 juggernauts
  Mara (Depths:1)
  Vv (Crypt:3)
  Bai Suzhen (Snake:4)
  3 shard shrikes (Coc:2)
  11 Killer Klowns
  Saint Roka (Snake:2)
  2 pandemonium lords (Pan)
  A curse toe (Zot:4)
  20 caustic shrikes
  9 golden dragons
  Geryon (Hell)
  the Enchantress (Depths:2)
  10 profane servitors
  Nikola (Snake:1)
  Jory (Tar:3)
  15 doom hounds
  3 electric golems
  26 bone dragons
  21 hellephants
  11 Brimstone Fiends
  Jorgrun (Elf:2)
  19 iron giants
  32 Tzitzimimeh
  Asterion (Snake:4)
  3 Ice Fiends
  Mlioglotl (Snake:4)
  19 Hell Sentinels
  6 tentacled monstrosities
  25 Orb Guardians (Zot:5)
  26 searing wretches
  13 tainted leviathans
  6 deep elf blademasters
  12 titans
  A shard shrike skeleton (Crypt:2)
  11 liches
  5 quicksilver dragons
  6 deep elf master archers
  4 tentacled starspawn (Abyss:3)
  An Executioner (Pan)
  8 death cobs
  4 sphinxes
  21 ancient champions
  Gastronok (D:8)
  16 acid blobs
  Kirke (D:14)
  6 tengu reavers
  4 shadow dragons
  6 thorn hunters
  3 revenants (Crypt:1)
  6 nagarajas (Snake:4)
  Donald (Swamp:4)
  15 storm dragons
  2 narguns (Coc:3)
  A fenstrider witch (Swamp:2)
  10 rockslimes
  15 azure jellies
  3 draconian knights
  34 fire giants
  6 draconian monks
  11 quicksilver elementals
  23 frost giants
  2 orc warlords
  3 demonspawn warmongers (Pan)
  30 balrugs
  2 spectral juggernauts
  5 cacodemons (Pan)
  12 iron dragons
  A draconian scorcher (Zot:4)
  Aizul (Vaults:4)
  3 spectral caustic shrikes
  14 vault wardens
  7 deep elf sorcerers
  2 caustic shrike zombies
  3 curse skulls
  Louise (Depths:3)
  3 ghost moths
  3 draconian shifters
  20 ironbound preservers
  6 demonspawn blood saints (Pan)
  47 very ugly things
  A shard shrike simulacrum (Coc:3)
  5 ghouls
  5 draconian annihilators
  A deep elf elementalist (Elf:3)
  3 spriggan defenders (Depths:2)
  21 reapers
  26 stone giants
  2 caustic shrike skeletons (Abyss:3)
  A juggernaut skeleton (Crypt:2)
  7 vampire knights
  11 quicksilver oozes
  7 demonspawn corrupters (Pan)
  31 war gargoyles
  9 starcursed masses (Abyss:3)
  Nessos (D:13)
  4 ironbound thunderhulks
  5 lorocyprocas
  9 deep elf demonologists
  2 bunyips
  3 demonspawn black suns (Pan)
  4 eleionomae
  12 black draconians
  31 putrid mouths
  9 deep elf annihilators
  15 dire elephants
  6 green draconians
  17 red draconians
  8 elemental wellsprings
  10 yellow draconians
  Azrael (D:15)
  11 white draconians
  A minotaur (Gauntlet)
  2 entropy weavers
  6 blizzard demons
  14 deep elf death magi
  15 purple draconians
  3 crystal guardians
  5 eidola
  29 ettins
  5 spark wasps
  Snorg (Lair:5)
  A wendigo (Coc:1)
  Josephine (Lair:5)
  9 fire dragons
  A spectral iron giant (Tar:4)
  28 iron golems
  11 jiangshi
  An ettin (shapeshifter) (Vaults:5)
  23 yaktaur captains
  6 spectral spriggans
  4 deep elf high priests
  16 great orbs of eyes
  2 quicksilver dragon zombies
  A shambling mangrove (Swamp:2)
  19 hydras
  5 rakshasas
  16 salamander tyrants
  Fannar (D:10)
  10 ice dragons
  5 spriggan air magi
  4 boulder beetles
  5 peacekeepers
  5 catoblepae
  6 ogre magi
  15 anacondas
  17 centaur warriors
  2 two-headed ogres (shapeshifter)
  28 vault guards
  An anaconda (shapeshifter) (Vaults:5)
  A juggernaut simulacrum (Coc:2)
  2 caustic shrike simulacra
  16 two-headed ogres
  12 dancing weapons
  13 naga warriors
  4 death knights
  9 alligators
  2 hell beasts
  2 titan zombies (Depths:3)
  7 ironbound frosthearts
  9 stokers
  10 deep troll earth magi
  3 spriggan skeletons
  14 death yaks
  7 tengu warriors
  60 hell hogs
  8 deep troll shamans
  9 vampire magi
  2 orc high priests
  13 soul eaters
  A spectral naga (Tar:1)
  4 shock serpents
  6 thrashing horrors (Abyss:3)
  A spectral dire elephant (Tar:3)
  13 crystal echidnas
  A shock serpent (shapeshifter) (Abyss:3)
  7 hell knights
  17 naga sharpshooters
  8 spriggan berserkers
  Sonja (D:12)
  27 deep elf knights
  30 sun demons
  Urug (Orc:2)
  4 salamander mystics
  12 spriggans
  6 wretched stars (Abyss:3)
  A titan skeleton (Hell)
  13 skeletal warriors
  26 shadow wraiths
  12 sixfirhies
  2 goliath frogs
  11 iron trolls
  3 spriggan druids
  60 deep trolls
  A bunyip zombie (Crypt:2)
  5 glowing orange brains
  A quicksilver dragon simulacrum (Coc:1)
  Pikel (D:4)
  5 shadow demons (Pan)
  A spectral iron dragon (Tar:2)
  9 flayed ghosts
  9 lindwurms
  4 bog bodies
  9 wizards
  10 ironbound convokers
  9 necromancers
  20 deep elf archers
  A golden dragon skeleton (Crypt:1)
  14 swamp dragons
  6 naga ritualists
  5 phantasmal warriors
  An anaconda skeleton (Crypt:2)
  A mana viper (shapeshifter) (Vaults:5)
  5 spectral ettins
  2 fire giant zombies
  30 deep elf zephyrmancers
  A human zombie (Vaults:1)
  10 mana vipers
  6 spriggan simulacra
  6 orc sorcerers
  2 tengu skeletons
  7 orc knights
  31 deep elf pyromancers
  63 ugly things
  22 salamanders
  4 stone giant zombies
  7 cyclopes
  An oklob plant (Orc:1)
  A manticore (D:15)
  2 shining eyes
  2 sphinx skeletons
  A wolf spider (Lair:5)
  A spectral alligator snapping turtle (Tar:3)
  5 will-o-the-wisps
  19 moths of wrath
  A worldbinder (Abyss:3)
  A frost giant skeleton (D:15)
  39 black mambas
  A centaur zombie (Hell)
  A naga zombie (Crypt:2)
  A human skeleton (Vaults:1)
  An iron dragon skeleton (Crypt:2)
  19 vault sentinels
  10 elephants
  3 eyes of devastation
  10 molten gargoyles (Geh:7)
  15 naga magi
  A storm dragon simulacrum (Coc:1)
  5 guardian serpents
  A shock serpent skeleton (Crypt:2)
  2 apocalypse crabs (Abyss:3)
  13 rust devils
  A torpor snail (Gauntlet)
  2 centaur skeletons
  17 smoke demons
  38 yaktaurs
  A rime drake (Lair:3)
  A cane toad (shapeshifter) (Elf:2)
  6 cane toads
  A catoblepas zombie (Crypt:1)
  9 orange demons
  A dire elephant skeleton (Tar:3)
  4 efreet
  22 tormentors
  5 freezing wraiths
  7 komodo dragons
  8 unseen horrors
  26 hellions
  3 hellwings (Abyss:3)
  3 sea snake zombies (Hell)
  Psyche (D:12)
  2 spectral harpies
  A bunyip simulacrum (Coc:1)
  5 tengu conjurers
  3 anaconda simulacra
  6 demonic crawlers (Pan)
  A black draconian skeleton (Crypt:3)
  6 ancient zymes (Abyss:3)
  3 red devils (Pan)
  A sea snake skeleton (Crypt:1)
  A queen bee (Gauntlet)
  9 trolls
  2 iron giant simulacra
  A guardian mummy (D:14)
  27 large abominations
  6 meliai (D:13)
  3 ice devils (Pan)
  A polar bear (Lair:5)
  5 silent spectres
  85 slime creatures
  10 tyrant leeches
  11 hornets
  A wind drake (shapeshifter) (D:14)
  A hydra zombie (Hell)
  2 spectral guardian serpents (Crypt:2)
  A radroach zombie (Crypt:3)
  A tarantella (Vaults:4)
  Prince Ribbit (D:7)
  A frost giant simulacrum (Depths:2)
  10 blink frogs
  A harpy skeleton (Crypt:3)
  A sphinx simulacrum (Depths:2)
  17 dream sheep
  18 raiju
  A fire dragon zombie (Crypt:1)
  A jumping spider (Vaults:4)
  A centaur simulacrum (D:14)
  A culicivora (shapeshifter) (Vaults:5)
  4 dire elephant simulacra
  An ettin skeleton (Depths:1)
  14 flying skulls
  12 ynoxinuls
  16 wraiths
  12 wyverns
  9 water elementals
  Eustachio (D:5)
  4 shadows
  2 alligator skeletons (Hell)
  2 vampires
  4 air elementals
  34 yaks
  6 humans
  A yak (shapeshifter) (Abyss:3)
  5 basilisks
  12 neqoxecs
  3 naga simulacra
  3 steam dragons
  9 chaos spawn (Abyss:3)
  9 fire bats
  3 fire elementals (D:15)
  4 golden eyes
  21 vampire mosquitoes
  17 small abominations
  8 redbacks
  A sea snake simulacrum (Hell)
  5 harpy simulacra
  12 swamp worms
  3 wargs (Orc:2)
  A water nymph zombie (Crypt:2)
  A swamp worm (shapeshifter) (Depths:4)
  36 nagas
  2 acid dragons
  10 hell hounds
  3 hydra simulacra
  24 water moccasins
  An ogre skeleton (Vaults:1)
  8 swamp drakes
  2 ettin simulacra (Coc:3)
  3 black bears
  A sky beast (D:7)
  3 ice beasts
  28 orc warriors
  A tengu (Abyss:3)
  14 ogres
  A boggart (Elf:2)
  15 wolves
  11 centaurs
  A lindwurm skeleton (Crypt:3)
  4 lemures (D:4)
  Blork the orc (D:4)
  A shining eye zombie (Crypt:3)
  6 kobold brigands
  10 bullfrogs
  2 necrophages
  An elf skeleton (Crypt:1)
  2 scorpions
  A draconian skeleton (Crypt:1)
  8 wights
  A troll zombie (D:10)
  12 killer bees
  An electric eel (Lair:5)
  A yak skeleton (Crypt:1)
  3 howler monkeys (D:10)
  A crimson imp (D:3)
  A gnoll bouda (D:5)
  16 orc priests
  4 hounds
  2 quasits (Abyss:3)
  6 iron imps
  Ijyb (D:3)
  A black bear skeleton (Crypt:1)
  An iguana (D:6)
  25 orc wizards
  Terence (D:2)
  6 hell rats (Lair:4)
  5 ogre zombies (D:10)
  4 naga skeletons
  Robin (D:3)
  5 gnolls
  9 adders
  8 river rats
  A white imp (Abyss:3)
  2 ufetubi
  An adder skeleton (Crypt:2)
  2 dart slugs
  66 orcs
  10 ball pythons
  2 bats
  4 endoplasms
  A giant cockroach (D:4)
  7 goblins
  9 hobgoblins
  2 quokkas (D:5)
  A ball python zombie (Crypt:1)
  4 frilled lizards
  A goblin skeleton (D:10)
  2 goblin zombies (D:10)
  A hobgoblin skeleton (D:10)
  2 hobgoblin zombies (D:10)
  33 kobolds
  2 orc skeletons (D:10)
  10 orc zombies (D:10)
  20 rats
  2 briar patches (Swamp:4)
  5 creeping infernos
  29 fire vortices
  A lurking horror (Abyss:3)
  4 starspawn tentacles (Abyss:3)
3436 creatures vanquished.

Vanquished Creatures (collateral kills)
  A pandemonium lord (Pan)
  Ereshkigal (Tar:7)
  A dread lich (Dis:4)
  3 caustic shrikes
  3 profane servitors
  6 bone dragons
  3 doom hounds
  3 Tzitzimimeh
  2 Brimstone Fiends (Geh:7)
  4 iron giants
  2 Hell Sentinels
  5 tainted leviathans
  A searing wretch (Geh:7)
  An Executioner (Pan)
  An ancient champion (Dis:2)
  A nagaraja (Snake:3)
  A fire giant (Geh:7)
  3 balrugs
  An iron dragon (Dis:6)
  A demonspawn blood saint (Pan)
  A war gargoyle (Dis:3)
  A vampire knight (Tar:3)
  15 putrid mouths
  An elemental wellspring (Coc:1)
  An eidolon (Tar:4)
  A salamander tyrant (Geh:7)
  A naga warrior (Snake:3)
  A spectral stone giant (Tar:5)
  A hell hog (Geh:7)
  2 dancing weapons (Dis:3)
  4 crystal echidnas
  2 soul eaters (Pan)
  8 shadow wraiths (Tar:7)
  A naga ritualist (Snake:3)
  A molten gargoyle (Geh:7)
  6 hellions
  2 tormentors
  A chaos spawn (Pan)
  2 shadow imps (Tar:7)
  A creeping inferno (Geh:7)
  4 fire vortices
101 creatures vanquished.

Vanquished Creatures (others)
  A lich (Abyss:3)
  A nagaraja (Snake:4)
  A fire giant (Depths:1)
  A purple draconian (Crypt:3)
  An orb spider (shapeshifter) (Elf:3)
  2 deep elf pyromancers
  Maggie (D:8)
  A tormentor (Geh:2)
  A bloated husk (Swamp:4)
  A stone giant simulacrum (Crypt:3)
  A naga (Snake:3)
  A manticore zombie (Crypt:3)
  An ogre (Vaults:1)
  A small abomination (Abyss:3)
  A spriggan zombie (Crypt:3)
  An orc priest (D:14)
  An orc wizard (D:8)
  A goblin skeleton (D:10)
  8 creeping infernos
  5 demonic plants (Abyss:3)
  3 fire vortices
  16 foxfires
  31 fungi
  A lurking horror (Abyss:3)
  56 plants
  5 starspawn tentacles (Abyss:3)
  9 toadstools (Swamp:3)
  6 withered plants (D:15)
159 creatures vanquished.

Grand Total: 3696 creatures vanquished

Notes
Turn   | Place    | Note
-------+----------+-------------------------------------------
     0 | D:1      | ragingrage the Merfolk Gladiator began the quest for the
                  | Orb.
     0 | D:1      | Reached XP level 1. HP: 16/16 MP: 1/1
   224 | D:1      | Reached XP level 2. HP: 22/22 MP: 2/2
  1205 | D:2      | Noticed Terence
  1227 | D:2      | Killed Terence
  1228 | D:2      | Reached skill level 5 in Long Blades
  1228 | D:2      | Reached XP level 3. HP: 4/27 MP: 3/3
  1531 | D:2      | Found a faded altar of an unknown god.
  1955 | D:3      | Noticed Ijyb
  1983 | D:3      | Killed Ijyb
  1984 | D:3      | Reached XP level 4. HP: 18/33 MP: 4/4
  2472 | D:3      | Found an iron altar of Okawaru.
  2554 | D:3      | Reached XP level 5. HP: 38/38 MP: 5/5
  2579 | D:3      | Became a worshipper of Warmaster Okawaru
  2616 | D:3      | Found a shimmering altar of Xom.
  2617 | D:3      | Found a burning altar of Makhleb.
  3148 | D:3      | Noticed Robin
  3170 | D:3      | Killed Robin
  3388 | D:4      | Noticed Pikel
  3397 | D:4      | Noticed a lemure
  3399 | D:4      | Noticed a lemure
  3400 | D:4      | Noticed a lemure
  3402 | D:4      | Noticed a lemure
  3414 | D:4      | Gained mutation: Your system is resistant to poisons.
                  | (rPois) [potion of mutation]
  3414 | D:4      | Gained mutation: You expend magic power (3 MP) to
                  | strengthen your wands. [potion of mutation]
  3420 | D:4      | Killed a lemure
  3424 | D:4      | Killed a lemure
  3431 | D:4      | Killed a lemure
  3435 | D:4      | Killed a lemure
  3440 | D:4      | Killed Pikel
  3440 | D:4      | Reached * piety under Okawaru
  3441 | D:4      | Reached skill level 10 in Long Blades
  3441 | D:4      | Reached XP level 6. HP: 19/44 MP: 6/6
  3441 | D:4      | Reached XP level 7. HP: 22/50 MP: 7/7
  3716 | D:4      | Noticed Blork the orc
  3734 | D:4      | Killed Blork the orc
  3735 | D:4      | Reached XP level 8. HP: 18/56 MP: 8/8
  3921 | D:4      | Found a glowing drain.
  3944 | Sewer    | Entered a sewer
  4670 | Sewer    | Reached ** piety under Okawaru
  5370 | D:4      | Found Kalef's Assorted Antiques.
  5379 | D:4      | Bought a pair of runed gloves for 180 gold pieces
  5723 | D:5      | Entered Level 5 of the Dungeon
  6087 | D:5      | Noticed Eustachio
  6107 | D:5      | Killed Eustachio
  6108 | D:5      | Reached XP level 9. HP: 52/61 MP: 7/9
  6342 | D:5      | Found a runed translucent door.
  6343 | D:5      | Noticed Crazy Yiuf
  6545 | D:6      | Noticed a seven-headed hydra
  6563 | D:6      | Killed a seven-headed hydra
  6563 | D:6      | Reached *** piety under Okawaru
  6564 | D:6      | Reached skill level 15 in Long Blades
  6707 | D:6      | Found a staircase to the Ecumenical Temple.
  7431 | D:6      | Reached skill level 1 in Invocations
  7507 | D:6      | Reached skill level 1 in Shields
  7545 | D:7      | Reached skill level 1 in Armour
  7578 | D:7      | Reached **** piety under Okawaru
  7578 | D:7      | Noticed Prince Ribbit
  7597 | D:7      | Killed Prince Ribbit
  7598 | D:7      | Reached skill level 5 in Dodging
  7598 | D:7      | Reached XP level 10. HP: 43/70 MP: 3/11
  8601 | D:8      | Noticed a two-headed ogre
  8617 | D:8      | Killed a two-headed ogre
  8617 | D:8      | Received a gift from Okawaru
  8619 | D:8      | Noticed Gastronok
  8634 | D:8      | Found a snail-covered altar of Cheibriados.
  8668 | D:8      | Killed Gastronok
  8911 | D:8      | Reached ***** piety under Okawaru
  8928 | D:8      | Noticed Maggie
  8938 | D:8      | Identified a scroll of acquirement
  8938 | D:8      | Acquired a +4 ring of protection
  8945 | D:8      | Killed Maggie
  8946 | D:8      | Reached skill level 5 in Fighting
  9568 | D:9      | Noticed an elephant
  9583 | D:9      | Reached XP level 11. HP: 80/80 MP: 14/14
  9618 | D:9      | Reached skill level 5 in Throwing
  9674 | D:9      | Found a staircase to the Lair.
  9680 | D:9      | Found Illoubrirch's Weapon Boutique.
  9687 | D:9      | Noticed a two-headed ogre
  9697 | D:9      | Killed a two-headed ogre
 10428 | D:9      | Identified the +4 rapier of Fozuj {vorpal, *Corrode Int+2
                  | Stlth+} (Okawaru gifted it to you on level 9 of the
                  | Dungeon)
 10428 | D:9      | Received a gift from Okawaru
 11132 | D:9      | Found a sacrificial altar of Ru.
 11224 | D:10     | Entered Level 10 of the Dungeon
 11302 | D:10     | Noticed Fannar
 11319 | D:10     | Killed Fannar
 11953 | D:10     | Found a staircase to the Orcish Mines.
 12611 | D:10     | Noticed a boulder beetle
 12627 | D:10     | Killed a boulder beetle
 12753 | Lair:1   | Entered Level 1 of the Lair of Beasts
 12805 | Lair:1   | Noticed a death yak
 13337 | Lair:1   | Noticed a death yak
 13364 | Lair:1   | Noticed a death yak
 13366 | Lair:1   | Killed a death yak
 13366 | Lair:1   | Identified the +8 longbow "Worim" {speed, Drain rPois rCorr
                  | Dex+4} (Okawaru gifted it to you on level 1 of the Lair of
                  | Beasts)
 13366 | Lair:1   | Received a gift from Okawaru
 13367 | Lair:1   | Noticed a death yak
 13393 | Lair:1   | Killed a death yak
 13394 | Lair:1   | Reached skill level 10 in Dodging
 13394 | Lair:1   | Reached XP level 12. HP: 91/92 MP: 7/15
 13400 | Lair:1   | Killed a death yak
 13419 | Lair:1   | Killed a death yak
 13937 | Lair:1   | Noticed a seven-headed hydra
 13947 | Lair:1   | Killed a seven-headed hydra
 14130 | Lair:1   | Reached skill level 10 in Fighting
 14646 | Lair:2   | Reached skill level 1 in Evocations
 14786 | Lair:2   | Found a staircase to the Swamp.
 14837 | Lair:2   | Received a gift from Okawaru
 15060 | Lair:2   | Reached skill level 5 in Invocations
 15158 | Lair:2   | Received a gift from Okawaru
 15287 | Lair:2   | Reached ****** piety under Okawaru
 15858 | Lair:3   | Noticed a catoblepas
 15892 | Lair:3   | Killed a catoblepas
 16001 | Lair:3   | Reached XP level 13. HP: 103/105 MP: 17/17
 16201 | Lair:3   | Received a gift from Okawaru
 16265 | Lair:3   | Found a staircase to the Snake Pit.
 16734 | Lair:4   | Received a gift from Okawaru
 17116 | Lair:4   | Reached skill level 5 in Evocations
 17380 | Lair:4   | Received a gift from Okawaru
 17858 | Lair:5   | Entered Level 5 of the Lair of Beasts
 17947 | Lair:5   | Found a gate leading to a gauntlet.
 17960 | Gauntlet | Entered a Gauntlet
 17960 | Gauntlet | Found a large runed translucent door.
 17960 | Gauntlet | Found a large runed translucent door.
 17960 | Gauntlet | Found a large runed translucent door.
 17960 | Gauntlet | Found a large runed translucent door.
 17960 | Gauntlet | Found a runed translucent door.
 17960 | Gauntlet | Found a large runed translucent door.
 17960 | Gauntlet | Found a large runed translucent door.
 17960 | Gauntlet | Found a transporter.
 17960 | Gauntlet | Found a transporter.
 17960 | Gauntlet | Found a large runed translucent door.
 17960 | Gauntlet | Found a large runed translucent door.
 17960 | Gauntlet | Found a runed translucent gate.
 17960 | Gauntlet | Found a runed translucent gate.
 17960 | Gauntlet | Found a transporter.
 17960 | Gauntlet | Found a transporter.
 17964 | Gauntlet | Found a transporter.
 17977 | Gauntlet | Found a transporter.
 17983 | Gauntlet | Found a transporter.
 17998 | Gauntlet | Found a transporter.
 18020 | Gauntlet | Found a transporter.
 18045 | Gauntlet | Found a transporter.
 18063 | Gauntlet | Found a transporter.
 18086 | Gauntlet | Found a runed translucent door.
 18087 | Gauntlet | Found a large runed translucent door.
 18087 | Gauntlet | Found a large runed translucent door.
 18087 | Gauntlet | Found a large runed translucent door.
 18087 | Gauntlet | Found a large runed translucent door.
 18088 | Gauntlet | Found a large runed translucent door.
 18088 | Gauntlet | Found a large runed translucent door.
 18089 | Gauntlet | Found a large runed translucent door.
 18089 | Gauntlet | Found a large runed translucent door.
 18098 | Gauntlet | Found a runed translucent gate.
 18120 | Gauntlet | Found a transporter.
 18239 | Gauntlet | Received a gift from Okawaru
 18386 | Gauntlet | Identified the +0 robe "Zuoloop" {Rampage rF+}
 18456 | Gauntlet | Identified the ring of Zeewkan {rPois rF+ rC- rCorr Stlth+}
 18551 | Gauntlet | Identified the amulet of Huohe {Spirit rC+ rN+ Int+3 Dex-5}
 18551 | Gauntlet | Noticed a minotaur
 18589 | Gauntlet | Killed a minotaur
 19175 | Lair:5   | Reached XP level 14. HP: 115/115 MP: 20/20
 19534 | Lair:5   | Received a gift from Okawaru
 19637 | Lair:5   | Found a staircase to the Slime Pits.
 19671 | Lair:5   | Received a gift from Okawaru
 19810 | Lair:5   | Noticed Josephine
 19814 | Lair:5   | Noticed Snorg
 19820 | Lair:5   | Killed Josephine
 19852 | Lair:5   | Killed Snorg
 20412 | Lair:5   | Identified the +1 ring mail "Ohiecuru" {rElec Stlth+}
 20498 | Lair:5   | Received a gift from Okawaru
 21316 | D:11     | Found a transporter.
 21318 | D:11     | Found a transporter.
 22034 | D:12     | Noticed Psyche
 22045 | D:12     | Killed Psyche
 22056 | D:12     | Noticed Sonja
 22058 | D:12     | Killed Sonja
 23328 | D:13     | Reached XP level 15. HP: 124/124 MP: 21/21
 23432 | D:13     | Noticed Nessos
 23442 | D:13     | Killed Nessos
 23442 | D:13     | Received a gift from Okawaru
 23831 | D:13     | Found a gate to the Vaults.
 24063 | D:13     | HP: 6/124 [small abomination (11)]
 24403 | D:13     | Found the brooch of Shielding {Spirit SH+8}
 24797 | D:14     | Noticed Kirke
 24811 | D:14     | Killed Kirke
 25060 | D:13     | Reached skill level 5 in Armour
 25827 | D:15     | Entered Level 15 of the Dungeon
 26417 | D:15     | Identified the +0 chain mail of the Last Lives {rPois}
                  | (Okawaru gifted it to you on level 15 of the Dungeon)
 26417 | D:15     | Received a gift from Okawaru
 26482 | D:15     | Found a staircase to the Depths.
 26824 | D:15     | Reached XP level 16. HP: 134/134 MP: 22/22
 27310 | D:15     | Noticed Azrael
 27448 | D:15     | Killed Azrael
 27654 | Orc:1    | Entered Level 1 of the Orcish Mines
 27811 | Orc:2    | Entered Level 2 of the Orcish Mines
 27906 | Orc:2    | Found Alawaito's Assorted Antiques.
 27955 | Orc:2    | Bought a scroll of teleportation for 54 gold pieces
 27955 | Orc:2    | Bought a potion of haste for 180 gold pieces
 28040 | Orc:2    | Noticed Urug
 28186 | Orc:2    | Killed Urug
 28508 | Orc:2    | Found Panaulutwe's Antique Weapon Shop.
 28541 | Orc:2    | Bought a runed scimitar for 119 gold pieces
 28541 | Orc:2    | Bought a glowing scimitar for 119 gold pieces
 28606 | Orc:2    | Found Putur's Book Shop.
 28609 | Orc:2    | Received a gift from Okawaru
 28632 | Orc:2    | Found Ohubun's Antique Armour Shop.
 28640 | Orc:2    | Bought a dazzling cloak for 266 gold pieces
 28640 | Orc:2    | Identified the +0 cloak "Wuotufek" {Fly rCorr Str-4} (You
                  | bought it in a shop on level 2 of the Orcish Mines)
 28721 | Orc:2    | Found a staircase to the Elven Halls.
 28750 | Orc:2    | Found Qecrin's General Store.
 28756 | Orc:2    | Bought a scroll of magic mapping for 97 gold pieces
 28885 | Orc:2    | Reached skill level 15 in Fighting
 29032 | Orc:1    | You fall into a shaft and drop 1 floor!
 29574 | Snake:1  | Entered Level 1 of the Snake Pit
 29838 | D:4      | Bought a condenser vane for 960 gold pieces
 30534 | Snake:2  | You fall into a shaft and drop 1 floor!
 30582 | Snake:3  | Found a glowing silver altar of Zin.
 30767 | Snake:2  | Learned a level 2 spell: Blink
 30777 | Snake:2  | Learned a level 2 spell: Wereblood
 30900 | Snake:2  | Received a gift from Okawaru
 30903 | Snake:2  | Reached skill level 1 in Transmutations
 31140 | Snake:2  | Reached skill level 1 in Spellcasting
 31143 | Snake:2  | Reached skill level 1 in Translocations
 31149 | Snake:2  | Identified the +5 buckler of Esmieq {Slay+2} (Okawaru
                  | gifted it to you on level 2 of the Snake Pit)
 31149 | Snake:2  | Received a gift from Okawaru
 31337 | Snake:2  | Noticed Saint Roka
 31426 | Snake:2  | Killed Saint Roka
 31427 | Snake:2  | Reached XP level 17. HP: 34/142 MP: 5/23
 32506 | Snake:1  | Identified the +0 pair of gloves of the World {rN+}
 32506 | Snake:1  | Noticed Nikola
 33257 | Snake:1  | Killed Nikola
 33794 | Snake:2  | Identified the +1 battleaxe "Gaif" {speed, Drain rC+++
                  | Int-2 Dex+5} (Okawaru gifted it to you on level 2 of the
                  | Snake Pit)
 33794 | Snake:2  | Received a gift from Okawaru
 33882 | Snake:2  | Reached skill level 15 in Dodging
 34163 | Snake:3  | Reached skill level 1 in Stealth
 34849 | Snake:4  | Entered Level 4 of the Snake Pit
 34908 | Snake:4  | Found Kihimyrec's Jewellery Emporium.
 34925 | Snake:4  | Noticed Mlioglotl
 34941 | Snake:4  | Noticed a tentacled starspawn
 34945 | Snake:4  | Noticed a tentacled starspawn
 34945 | Snake:4  | Killed Mlioglotl
 34945 | Snake:4  | Received a gift from Okawaru
 35264 | Snake:4  | Noticed Bai Suzhen
 35344 | Snake:4  | Received a gift from Okawaru
 35617 | Snake:4  | Received a gift from Okawaru
 36345 | Snake:4  | Received a gift from Okawaru
 36346 | Snake:4  | Reached XP level 18. HP: 120/152 MP: 22/24
 36352 | Snake:4  | Learned a level 1 spell: Necrotise
 36460 | Snake:4  | Killed Bai Suzhen
 36461 | Snake:4  | Reached skill level 5 in Stealth
 36911 | Snake:4  | Noticed Asterion
 36925 | Snake:4  | Killed Asterion
 37747 | Snake:4  | Identified the +5 falchion of Okawaru's Generosity {vorpal,
                  | Dex+3} (Okawaru gifted it to you on level 4 of the Snake
                  | Pit)
 37747 | Snake:4  | Received a gift from Okawaru
 38424 | Snake:4  | Got a serpentine rune of Zot
 38633 | Swamp:1  | Entered Level 1 of the Swamp
 40515 | Swamp:2  | Identified the +8 mace of Accord {venom, rElec rPois}
 40954 | Swamp:2  | Paralysed by a fenstrider witch for 2 turns
 40958 | Swamp:2  | Identified the +8 ring mail of Midnight {rPois Regen+ Str+4
                  | Int+6} (Okawaru gifted it to you on level 2 of the Swamp)
 40958 | Swamp:2  | Received a gift from Okawaru
 42018 | Swamp:4  | Entered Level 4 of the Swamp
 42260 | Swamp:4  | Noticed Donald
 42275 | Swamp:4  | Killed Donald
 42276 | Swamp:4  | Reached XP level 19. HP: 139/161 MP: 12/25
 43073 | Swamp:4  | Reached skill level 5 in Shields
 43244 | Swamp:4  | Received a gift from Okawaru
 43290 | Swamp:4  | Acquired 888 gold pieces
 43463 | Swamp:4  | Got a decaying rune of Zot
 43710 | Elf:1    | Entered Level 1 of the Elven Halls
 43727 | Elf:1    | Identified the +1 scale mail of the Hall of Blades {Dex+3
                  | SInv} (Okawaru gifted it to you on level 1 of the Elven
                  | Halls)
 43727 | Elf:1    | Received a gift from Okawaru
 43833 | Elf:1    | Paralysed by an air elemental for 1 turns
 44044 | Elf:1    | Found Fiotoumn's Assorted Antiques.
 44423 | Elf:1    | Identified the +9 rapier of the Loving Gods {elec, rElec
                  | rF++ Str+10 Dex-5}
 44643 | Elf:2    | Noticed Jorgrun
 44654 | Elf:2    | Killed Jorgrun
 44658 | Elf:2    | Paralysed by an air elemental for 1 turns
 44709 | Elf:2    | Reached skill level 10 in Throwing
 44935 | Elf:2    | Found Ficakheopt's Magic Scroll Shop.
 44943 | Elf:2    | Bought a scroll of acquirement for 988 gold pieces
 44943 | Elf:2    | Acquired the +2 plate armour of Fedhas, Keeping {rElec rC+
                  | Slay+3 Stlth+}
 45218 | Elf:2    | Found a runed translucent gate.
 45224 | Elf:2    | Found a runed translucent gate.
 45225 | Elf:2    | Found a runed translucent gate.
 45420 | Abyss:3  | Cast into level 3 of the Abyss (a deep elf sorcerer)
 45612 | Abyss:3  | Noticed a tentacled monstrosity
 45624 | Abyss:3  | Killed a tentacled monstrosity
 45624 | Abyss:3  | Received a gift from Okawaru
 45641 | Elf:2    | Escaped the Abyss
 45653 | Elf:2    | Identified the +4 mace of Twilight {elec, rElec Str+4}
 46001 | Vaults:1 | Entered Level 1 of the Vaults
 46002 | Vaults:1 | Identified the +12 mace of Vom Bups {speed, rF+}
 46030 | Vaults:1 | Reached XP level 20. HP: 164/170 MP: 23/26
 46171 | Vaults:1 | Reached skill level 10 in Stealth
 46178 | Vaults:1 | Received a gift from Okawaru
 46779 | Vaults:1 | Received a gift from Okawaru
 46985 | Vaults:1 | Identified the +10 falchion of Annihilation {venom, Dex+5}
                  | (Okawaru gifted it to you on level 1 of the Vaults)
 46985 | Vaults:1 | Received a gift from Okawaru
 47910 | Vaults:2 | Identified the +7 ring mail of Hairiness {rC- MP+9 Slay+2
                  | SInv} (Okawaru gifted it to you on level 2 of the Vaults)
 47910 | Vaults:2 | Received a gift from Okawaru
 48121 | Vaults:2 | Found Ukioj's Distillery.
 48146 | Vaults:2 | Bought a potion of heal wounds for 90 gold pieces
 48146 | Vaults:2 | Bought a potion of heal wounds for 90 gold pieces
 48146 | Vaults:2 | Bought a potion of heal wounds for 90 gold pieces
 48199 | Vaults:2 | HP: 8/172 [white very ugly thing (42)]
 48400 | Vaults:2 | Identified the +0 plate armour of Errue {Rampage Regen+
                  | Str+4}
 48607 | Vaults:2 | Reached skill level 10 in Armour
 48620 | Vaults:2 | Reached XP level 21. HP: 158/179 MP: 18/27
 48675 | Vaults:2 | Found a staircase to the Crypt.
 48675 | Vaults:2 | Found an ancient bone altar of Kikubaaqudgha.
 48679 | Vaults:2 | Found a basalt altar of Yredelemnul.
 49100 | Vaults:2 | Received a gift from Okawaru
 50461 | Vaults:3 | Identified the +0 sling of Wapla {flame, Fly rN+ Str+4}
 50734 | Vaults:3 | Identified the +0 pair of boots of the Snake Pit {Str+4}
                  | (Okawaru gifted it to you on level 3 of the Vaults)
 50734 | Vaults:3 | Received a gift from Okawaru
 51513 | Vaults:4 | Reached skill level 10 in Evocations
 51729 | Vaults:4 | Noticed Aizul
 51749 | Vaults:4 | Killed Aizul
 51998 | Vaults:4 | Reached XP level 22. HP: 192/192 MP: 28/28
 52139 | Vaults:4 | Reached XP level 23. HP: 198/198 MP: 29/29
 52233 | Vaults:4 | Reached XP level 24. HP: 206/206 MP: 29/29
 52728 | Vaults:5 | Entered Level 5 of the Vaults
 52751 | Vaults:5 | Identified the +4 falchion "Nozxibint" {chaos, Will+ rCorr
                  | Dex+2} (Okawaru gifted it to you on level 5 of the Vaults)
 52751 | Vaults:5 | Received a gift from Okawaru
 53020 | Vaults:5 | Noticed an ancient lich
 53037 | Vaults:5 | Killed an ancient lich
 53149 | Vaults:5 | Got a silver rune of Zot
 53226 | Vaults:5 | Identified the +8 scimitar "Sown" {vorpal, rC- rN++ Stlth+}
 53378 | Vaults:5 | Identified the ring of Codghip {Fly Will+ Str-2 Dex+6}
 53413 | Vaults:5 | Identified the +3 hand axe "Ciczin" {vorpal, rF+ Will+}
 53498 | Vaults:5 | Received a gift from Okawaru
 53919 | Vaults:5 | Noticed an ancient lich
 53967 | Vaults:5 | Killed an ancient lich
 54101 | Vaults:5 | Identified the +1 chain mail "Miewix" {-Cast +Inv rElec
                  | Int-2}
 54284 | Vaults:5 | Reached skill level 15 in Throwing
 54729 | Vaults:5 | Identified the +0 helmet of Anarchy {rF+ rN+ rCorr Stlth+}
 55484 | Elf:3    | Entered Level 3 of the Elven Halls
 55498 | Elf:3    | Paralysed by an air elemental for 1 turns
 55511 | Elf:3    | Reached XP level 25. HP: 207/216 MP: 28/29
 55629 | Elf:3    | Received a gift from Okawaru
 55792 | Elf:3    | Received a gift from Okawaru
 56508 | Elf:3    | Identified the +5 kite shield of Claustrophobia {rC+ Dex+6}
                  | (Okawaru gifted it to you on level 3 of the Elven Halls)
 56508 | Elf:3    | Received a gift from Okawaru
 56916 | Elf:3    | Identified the amulet of Contention {RegenMP rPois Will++
                  | Regen+ Slay+3}
 57137 | Elf:3    | Identified the amulet "Bifathy" {Reflect rC+ Int-5 Dex+6
                  | SH+5}
 57156 | Elf:3    | Identified the +6 flail of Wyrd {antimagic, rPois rF+++
                  | Int-5 Stlth-}
 57163 | Elf:3    | Paralysed by an orc sorcerer for 4 turns
 57304 | Elf:3    | Identified the +9 glaive of the Impish God {drain, rF+
                  | Int+4 Dex+3}
 57304 | Elf:3    | Identified the ring "Epnugg" {Fly rElec rF+}
 57487 | Elf:3    | Identified the +6 hand axe of Juhahe {holy, *Corrode rElec
                  | Int+4}
 57684 | Elf:3    | Got the Handbook of Transposed Blasts
 57696 | Elf:3    | Identified the +1 scale mail of Alasoddimp {rC+ rN+ Stlth+}
 58149 | Slime:1  | Entered Level 1 of the Pits of Slime
 58692 | Slime:3  | Reached skill level 15 in Evocations
 58812 | Slime:3  | Paralysed by a great orb of eyes for 3 turns
 58984 | Slime:5  | Entered Level 5 of the Pits of Slime
 59196 | Slime:4  | Received a gift from Okawaru
 59297 | Slime:5  | Received a gift from Okawaru
 59389 | Slime:5  | Noticed the Royal Jelly
 59413 | Slime:5  | Killed the Royal Jelly
 59514 | Slime:5  | Received a gift from Okawaru
 59594 | Slime:5  | Reached skill level 10 in Shields
 59698 | Slime:5  | Found the +7 lajatang of Order {silver, rMut}
 59731 | Slime:5  | Identified the +5 ring mail "Oppuf" {rF+ Regen+}
 59757 | Slime:5  | Got a slimy rune of Zot
 59758 | Slime:5  | Identified the +4 hand axe "Jozud" {vorpal, Dex+2}
 59766 | Slime:5  | Identified the +4 war axe of Xooptoar {venom, rC+ Str+6
                  | Dex+2}
 59784 | Slime:5  | Identified the amulet "Jickiom" {Reflect Contam Will+ Str+5
                  | SH+5 Stlth+}
 60119 | Depths:1 | Entered Level 1 of the Depths
 60129 | Depths:1 | Reached XP level 26. HP: 205/224 MP: 27/29
 60678 | Depths:1 | Found a runed translucent door.
 60749 | Depths:1 | Received a gift from Okawaru
 60945 | Depths:1 | You are sucked into a shaft and drop 1 floor!
 61101 | Depths:2 | Found Qadaificw's Distillery.
 61114 | Depths:2 | Found a one-way gate leading to the halls of Pandemonium.
 61139 | Depths:2 | Received a gift from Okawaru
 61185 | Depths:2 | Found a one-way gate to the infinite horrors of the Abyss.
 61203 | Depths:2 | Noticed the Enchantress
 61221 | Depths:2 | Found a gateway to Hell.
 61264 | Depths:2 | Killed the Enchantress
 61273 | Depths:2 | Found a flickering gateway to a bazaar.
 61332 | Bazaar   | Entered a bazaar
 61332 | Bazaar   | Found Koazxueg's Antique Armour Emporium.
 61332 | Bazaar   | Found Dynoeph's Weapon Shop.
 61332 | Bazaar   | Found Enathiu's Antique Weapon Shoppe.
 61340 | Bazaar   | Found Zipnurghae's Antique Weapon Boutique.
 61340 | Bazaar   | Found Xappovid's General Store.
 61362 | Bazaar   | Bought 2 potions of berserk rage for 120 gold pieces
 61362 | Bazaar   | Bought a scroll of enchant armour for 90 gold pieces
 61371 | Bazaar   | Bought a glowing scarf for 184 gold pieces
 61375 | Bazaar   | Bought a brightly glowing helmet for 218 gold pieces
 61375 | Bazaar   | Identified the +2 helmet "Zous" {Contam rC+++ Int-3 Stlth+}
                  | (You bought it in a shop in a bazaar)
 61377 | Bazaar   | Bought an amethyst-encrusted ring mail for 207 gold pieces
 61377 | Bazaar   | Identified the +0 ring mail of the Orb Guardian {Will+
                  | Int+5 Dex+2} (You bought it in a shop in a bazaar)
 61377 | Bazaar   | Bought a crude ring mail for 207 gold pieces
 61377 | Bazaar   | Identified the +3 ring mail of Makhleb's Benevolence {rElec
                  | rF+} (You bought it in a shop in a bazaar)
 61377 | Bazaar   | Bought a faintly humming plate armour for 644 gold pieces
 61377 | Bazaar   | Identified the +0 plate armour "Duschon" {rF+ Str+2 Stlth+}
                  | (You bought it in a shop in a bazaar)
 61935 | Depths:2 | Found a white marble altar of Elyvilon.
 62553 | Depths:3 | Received a gift from Okawaru
 62637 | Depths:3 | Received a gift from Okawaru
 62792 | Depths:3 | Found a one-way gateway to a ziggurat.
 62878 | Depths:3 | Noticed Louise
 62896 | Depths:2 | Reached XP level 27. HP: 131/235 MP: 9/29
 63443 | Depths:3 | Killed Louise
 63582 | Depths:3 | Identified the +2 ring mail "Erudod" {-Cast rPois rC++}
 64042 | Depths:3 | Noticed a juggernaut
 64072 | Depths:3 | Killed a juggernaut
 64119 | Depths:3 | Identified the +8 rapier of Innire {vorpal, Dex+6}
 64124 | Depths:3 | Identified the +3 mace "Loweall" {drain, rC+ rN+ rCorr}
 64190 | Depths:4 | Entered Level 4 of the Depths
 64369 | Depths:4 | Found a gate to the Realm of Zot.
 64730 | Elf:1    | Bought a scroll of teleportation for 84 gold pieces
 64730 | Elf:1    | Bought warped gold dragon scales for 2380 gold pieces
 64730 | Elf:1    | Identified the +1 gold dragon scales "Feug Dep" {rPois rF+
                  | rC+ Regen+} (You bought it in a shop on level 1 of the
                  | Elven Halls)
 64730 | Elf:1    | Bought a scroll of blinking for 210 gold pieces
 64730 | Elf:1    | Bought a wand of acid (5) for 588 gold pieces
 65092 | Depths:4 | Identified the +2 pair of boots of Parts Unknown {Regen+
                  | rCorr} (Okawaru gifted it to you on level 4 of the Depths)
 65092 | Depths:4 | Received a gift from Okawaru
 65484 | Depths:4 | Found a corrupted altar of Lugonu.
 65901 | Depths:4 | Voluntarily entered the Abyss.
 65963 | Abyss:3  | Found a shimmering blue altar of Sif Muna.
 65969 | Abyss:3  | Found a shimmering blue altar of Sif Muna.
 65969 | Abyss:3  | Found a shimmering blue altar of Sif Muna.
 66214 | Abyss:3  | Reached skill level 15 in Shields
 66314 | Depths:4 | Escaped the Abyss
 66543 | Depths:4 | Voluntarily entered the Abyss.
 66590 | Abyss:3  | Found a corrupted altar of Lugonu.
 66603 | Abyss:3  | Found a corrupted altar of Lugonu.
 66604 | Abyss:3  | Found a corrupted altar of Lugonu.
 66604 | Abyss:3  | Found a corrupted altar of Lugonu.
 67042 | Abyss:3  | Gained mutation: Armour fits poorly on your strangely
                  | shaped body. [a neqoxec]
 67221 | Abyss:3  | Noticed a dread lich
 67344 | Abyss:3  | Paralysed by a dread lich for 4 turns
 67364 | Abyss:3  | Killed a dread lich
 67392 | Abyss:3  | Gained mutation: You are frail. (-10% HP) [a neqoxec]
 67400 | Abyss:3  | Received a gift from Okawaru
 67426 | Abyss:3  | Got an abyssal rune of Zot
 67431 | Abyss:3  | Noticed an ancient lich
 67442 | Abyss:3  | Killed an ancient lich
 67523 | Abyss:3  | Received a gift from Okawaru
 67653 | Depths:4 | Escaped the Abyss
 67655 | Depths:4 | Lost mutation: You are frail. (-10% HP) [potion of
                  | mutation]
 67655 | Depths:4 | Lost mutation: You expend magic power (3 MP) to strengthen
                  | your wands. [potion of mutation]
 67655 | Depths:4 | Lost mutation: Your system is resistant to poisons. (rPois)
                  | [potion of mutation]
 67655 | Depths:4 | Gained mutation: You sometimes lose your temper in combat.
                  | [potion of mutation]
 67655 | Depths:4 | Gained mutation: Your magical capacity is low. (-10% MP)
                  | [potion of mutation]
 67655 | Depths:4 | Gained mutation: You are agile. (Dex +4, Str/Int -1)
                  | [potion of mutation]
 67762 | Depths:1 | Lost mutation: You are agile. (Dex +4, Str/Int -1) [potion
                  | of mutation]
 67762 | Depths:1 | Lost mutation: Armour fits poorly on your strangely shaped
                  | body. [potion of mutation]
 67762 | Depths:1 | Gained mutation: You are partially covered in iridescent
                  | scales. (AC +2) [potion of mutation]
 67762 | Depths:1 | Gained mutation: You are mostly covered in iridescent
                  | scales. (AC +4) [potion of mutation]
 67802 | Depths:1 | Lost mutation: You are mostly covered in iridescent scales.
                  | (AC +4) [potion of mutation]
 67802 | Depths:1 | Lost mutation: You sometimes lose your temper in combat.
                  | [potion of mutation]
 67802 | Depths:1 | Lost mutation: You are partially covered in iridescent
                  | scales. (AC +2) [potion of mutation]
 67802 | Depths:1 | Gained mutation: Potions are less effective at restoring
                  | your health. [potion of mutation]
 67802 | Depths:1 | Gained mutation: You have hidden genetic potential. [potion
                  | of mutation]
 67802 | Depths:1 | Gained mutation: You have great hidden genetic potential.
                  | [potion of mutation]
 67910 | Depths:1 | Got Sif Muna's Writings on Toxicity and Sinister Liturgies
 68102 | Depths:1 | Noticed Mara
 68123 | Depths:1 | Noticed ragingrage's illusion
 68347 | Depths:1 | Noticed ragingrage's illusion
 68387 | Depths:1 | Killed Mara
 68570 | Depths:1 | Found an ornate altar of the Wu Jian Council.
 68644 | Depths:1 | Found a portal to a secret trove of treasure.
 69477 | Zot:1    | Entered Level 1 of the Realm of Zot
 69545 | Zot:1    | Received a gift from Okawaru
 69546 | Zot:1    | Noticed an orb of fire
 69557 | Zot:1    | Killed an orb of fire
 70486 | Zot:2    | Identified the +0 leather armour "Topto" {rF+ Regen+ Int+4
                  | SInv}
 70720 | Zot:2    | Received a gift from Okawaru
 71197 | Zot:2    | Received a gift from Okawaru
 72150 | Zot:3    | Received a gift from Okawaru
 72237 | Zot:3    | Noticed an orb of fire
 73108 | Zot:4    | Identified the +10 scimitar "Ezeq" {vorpal, *Noise rF+ rC+}
                  | (Okawaru gifted it to you on level 4 of the Realm of Zot)
 73108 | Zot:4    | Received a gift from Okawaru
 74501 | Zot:5    | Entered Level 5 of the Realm of Zot
 74557 | Zot:5    | Reached skill level 15 in Stealth
 74617 | Zot:5    | Noticed a dread lich
 74618 | Zot:5    | Noticed an orb of fire
 74620 | Zot:5    | Gained mutation: You have a pair of small horns on your
                  | head. [hidden potential]
 74622 | Zot:5    | Noticed an orb of fire
 74630 | Zot:5    | Gained mutation: You sometimes lose your temper in combat.
                  | [an orb of fire]
 74633 | Zot:5    | Killed an orb of fire
 74638 | Zot:5    | Noticed an orb of fire
 74639 | Zot:5    | Killed a dread lich
 74642 | Zot:5    | Gained mutation: Armour fits poorly on your strangely
                  | shaped body. [an orb of fire]
 74644 | Zot:5    | Killed an orb of fire
 74656 | Zot:4    | Killed an orb of fire
 74656 | Zot:4    | Received a gift from Okawaru
 74863 | Zot:5    | Reached skill level 27 in Dodging
 76435 | Zot:5    | Noticed a dread lich
 76449 | Zot:5    | Killed a dread lich
 77128 | Zot:5    | Identified the +0 hat "Heoxott" {rC- rN+ rCorr Str+6}
                  | (Okawaru gifted it to you on level 5 of the Realm of Zot)
 77128 | Zot:5    | Received a gift from Okawaru
 77278 | Zot:5    | Noticed a dread lich
 77292 | Zot:5    | Killed a dread lich
 77309 | Zot:5    | Noticed an orb of fire
 77320 | Zot:5    | Killed an orb of fire
 78435 | Temple   | Entered the Ecumenical Temple
 78505 | Temple   | Fell from the grace of Okawaru
 78505 | Temple   | Became a worshipper of the Shining One
 78809 | Crypt:1  | Entered Level 1 of the Crypt
 78892 | Crypt:1  | Reached * piety under the Shining One
 78966 | Crypt:1  | Reached ** piety under the Shining One
 79558 | Crypt:2  | Reached *** piety under the Shining One
 79716 | Crypt:2  | Reached **** piety under the Shining One
 79772 | Crypt:2  | Reached ***** piety under the Shining One
 80316 | Crypt:2  | Identified the +2 ring mail of Hepliaklqana {Harm Slay+3}
 80524 | Crypt:3  | Entered Level 3 of the Crypt
 80528 | Crypt:3  | Noticed Vv
 80542 | Crypt:3  | Killed Vv
 80747 | Crypt:3  | Found a staircase to the Tomb.
 80870 | Crypt:3  | Gained mutation: Your flesh is heat resistant. (rF+)
                  | [hidden potential]
 80870 | Crypt:3  | Lost mutation: You have great hidden genetic potential.
                  | [hidden potential expressed]
 80942 | Crypt:3  | Reached ****** piety under the Shining One
 81057 | Crypt:3  | Identified a +9 eudemon blade of holy wrath (a +9 demon
                  | blade of freezing blessed by the Shining One)
 81057 | Crypt:3  | Received a gift from the Shining One
 81296 | Crypt:3  | Noticed a dread lich
 81296 | Crypt:3  | Noticed a dread lich
 81309 | Crypt:3  | Killed a dread lich
 81312 | Crypt:3  | Killed a dread lich
 81397 | Crypt:3  | Identified the +1 leather armour of the Original Sin
                  | {Dex+3}
 81442 | Crypt:3  | Found the +15 Maxwell's patent armour {-Cast -Tele rElec
                  | Will+ rCorr}
 81587 | Crypt:3  | Noticed an ancient lich
 81601 | Crypt:3  | Killed an ancient lich
 81790 | Crypt:3  | Identified the +5 chain mail "Kiabiu" {+Blink rPois Dex+3}
 82198 | Hell     | Entered the Vestibule of Hell
 82198 | Hell     | Noticed Geryon
 82222 | Hell     | Killed Geryon
 82603 | Hell     | Found a gateway to the Iron City of Dis.
 82701 | Hell     | Found a gateway to the ashen valley of Gehenna.
 82856 | Hell     | Found a gateway to the decaying netherworld of Tartarus.
 82936 | Hell     | Found a gateway to the freezing wastes of Cocytus.
 83010 | Hell     | Reached skill level 27 in Fighting
 83094 | Dis:1    | Entered Level 1 of the Iron City of Dis
 83469 | Dis:1    | You are sucked into a shaft and drop 1 floor!
 83542 | Dis:2    | Was forgiven by Okawaru
 83561 | Dis:2    | Noticed an ancient lich
 83576 | Dis:2    | Killed an ancient lich
 83797 | Pan      | Entered Pandemonium
 83826 | Pan      | Reached skill level 1 in Staves
 83843 | Pan      | Noticed Wyemu the pandemonium lord
 83857 | Pan      | Killed Wyemu the pandemonium lord
 84143 | Pan      | Found an exit through the horrors of the Abyss.
 84175 | Pan      | Found a transporter.
 84230 | Pan      | Reached skill level 5 in Staves
 84526 | Pan      | Found a transporter.
 85412 | Pan      | Gained mutation: You passively dampen the noise of your
                  | surroundings. [hidden potential]
 86167 | Pan      | Gained mutation: You occasionally shout uncontrollably at
                  | your foes. [a neqoxec]
 86173 | Pan      | Gained mutation: Potions cannot restore your health. [a
                  | neqoxec]
 86174 | Pan      | Gained mutation: You are frail. (-10% HP) [a neqoxec]
 86175 | Pan      | Gained mutation: You do not regenerate when monsters are
                  | visible. [a neqoxec]
 86180 | Pan      | Noticed Ceadumad the pandemonium lord
 86201 | Pan      | Killed Ceadumad the pandemonium lord
 86262 | Pan      | Gained mutation: You have an uncontrollable temper. [a
                  | neqoxec]
 86312 | Pan      | Reached skill level 10 in Staves
 86509 | Pan      | Noticed Leros the pandemonium lord
 86531 | Pan      | Killed Leros the pandemonium lord
 86565 | Depths:2 | Escaped Pandemonium
 87128 | Swamp:2  | Lost mutation: Your magical capacity is low. (-10% MP)
                  | [potion of mutation]
 87128 | Swamp:2  | Lost mutation: You do not regenerate when monsters are
                  | visible. [potion of mutation]
 87128 | Swamp:2  | Gained mutation: You occasionally lose the ability to read
                  | scrolls when taking damage. [potion of mutation]
 87129 | Swamp:2  | Lost mutation: You have a pair of small horns on your head.
                  | [potion of mutation]
 87129 | Swamp:2  | Lost mutation: You passively dampen the noise of your
                  | surroundings. [potion of mutation]
 87129 | Swamp:2  | Lost mutation: You have an uncontrollable temper. [potion
                  | of mutation]
 87129 | Swamp:2  | Gained mutation: Your muscles are strong. (Str +4, Int/Dex
                  | -1) [potion of mutation]
 87130 | Swamp:2  | Lost mutation: You are frail. (-10% HP) [potion of
                  | mutation]
 87130 | Swamp:2  | Lost mutation: Your flesh is heat resistant. (rF+) [potion
                  | of mutation]
 87130 | Swamp:2  | Gained mutation: You have an increased reservoir of magic.
                  | (+10% MP) [potion of mutation]
 87131 | Swamp:2  | Lost mutation: You sometimes lose your temper in combat.
                  | [potion of mutation]
 87131 | Swamp:2  | Lost mutation: You occasionally shout uncontrollably at
                  | your foes. [potion of mutation]
 87131 | Swamp:2  | Lost mutation: You have an increased reservoir of magic.
                  | (+10% MP) [potion of mutation]
 87131 | Swamp:2  | Gained mutation: You have a pair of small horns on your
                  | head. [potion of mutation]
 87131 | Swamp:2  | Lost mutation: Your muscles are strong. (Str +4, Int/Dex
                  | -1) [potion of mutation]
 87132 | Swamp:2  | Lost mutation: Potions cannot restore your health. [potion
                  | of mutation]
 87132 | Swamp:2  | Lost mutation: You have hidden genetic potential. [potion
                  | of mutation]
 87132 | Swamp:2  | Lost mutation: You occasionally lose the ability to read
                  | scrolls when taking damage. [potion of mutation]
 87132 | Swamp:2  | Gained mutation: Your muscles are strong. (Str +4, Int/Dex
                  | -1) [potion of mutation]
 87132 | Swamp:2  | Gained mutation: You occasionally shout uncontrollably at
                  | your foes. [potion of mutation]
 87132 | Swamp:2  | Gained mutation: Your mind is acute. (Int +4, Str/Dex -1)
                  | [potion of mutation]
 87133 | Swamp:2  | Lost mutation: Your mind is acute. (Int +4, Str/Dex -1)
                  | [potion of mutation]
 87133 | Swamp:2  | Lost mutation: You have a pair of small horns on your head.
                  | [potion of mutation]
 87133 | Swamp:2  | Lost mutation: Armour fits poorly on your strangely shaped
                  | body. [potion of mutation]
 87133 | Swamp:2  | Gained mutation: Your magical capacity is low. (-10% MP)
                  | [potion of mutation]
 87133 | Swamp:2  | Gained mutation: You occasionally lose the ability to read
                  | scrolls when taking damage. [potion of mutation]
 87133 | Swamp:2  | Gained mutation: Your flesh is heat resistant. (rF+)
                  | [potion of mutation]
 87167 | Swamp:2  | Upgraded the game from 0.29-a0-1043-g569b05d6ff to
                  | 0.29-a0-1047-g7c58e119a4
 87652 | Dis:2    | Reached skill level 10 in Invocations
 87876 | Dis:3    | Noticed a dread lich
 87905 | Dis:3    | Killed a dread lich
 88452 | Dis:4    | Noticed a dread lich
 88463 | Dis:4    | Killed a dread lich
 88999 | Dis:5    | Noticed a dread lich
 89008 | Dis:5    | Killed a dread lich
 89594 | Dis:7    | Entered Level 7 of the Iron City of Dis
 89926 | Dis:7    | Noticed a juggernaut
 89971 | Dis:7    | Killed a juggernaut
 90009 | Dis:7    | Identified the ring "Daorgheiph" {rF+ Int+3}
 90029 | Dis:7    | Identified the +3 flail of a Labyrinth {vamp, Will++}
 90030 | Dis:7    | Identified the +4 trident of Ipaseyx {venom, rElec}
 90036 | Dis:7    | Identified the +7 war axe of True Grit {vamp, *Noise rN++}
 91210 | Dis:7    | Reached skill level 15 in Invocations
 91529 | Dis:7    | Noticed a juggernaut
 91548 | Dis:7    | Killed a juggernaut
 91549 | Dis:7    | Reached skill level 15 in Armour
 91743 | Dis:7    | Found the +4 staff of Dispater
 91743 | Dis:7    | Noticed Dispater
 91773 | Dis:7    | Killed Dispater
 91805 | Dis:7    | Got an iron rune of Zot
 91806 | Dis:7    | Identified the ring of the Thoughtful Beds {rPois rCorr
                  | Int+5 Dex+4 Stlth-}
 91827 | Dis:7    | Identified the +9 whip of Poverty {antimagic, rPois rN+++
                  | Int-5 Dex+6}
 92227 | Tar:1    | Entered Level 1 of Tartarus
 92837 | Tar:3    | Noticed Jory
 92862 | Tar:3    | Killed Jory
 94742 | Tar:7    | Entered Level 7 of Tartarus
 95663 | Tar:7    | Noticed Ereshkigal
 95676 | Tar:7    | Killed Ereshkigal
 95686 | Tar:7    | Got a bone rune of Zot
 96588 | Tar:7    | Reached skill level 5 in Translocations
 97425 | Tar:7    | Identified the ring of Qablusig {*Slow rPois rCorr Str+5
                  | Dex+6}
 97665 | Tar:7    | Found the ring of Shadows {Umbra +Inv Stlth+}
 97725 | Tar:7    | Identified the +5 whip "Cunnarix" {freeze, Int+3 SInv}
 97755 | Tar:7    | Identified the +2 pair of boots "Vuroom" {Int+3 Dex-5}
 97862 | Tar:7    | Identified the +0 leather armour of Qyeroc {-Cast rPois
                  | rCorr Str+3}
 97983 | Geh:1    | Entered Level 1 of Gehenna
 98135 | Geh:1    | You are sucked into a shaft and drop 1 floor!
 99497 | Geh:7    | Entered Level 7 of Gehenna
 99999 | Geh:7    | Found the +7 sceptre of Asmodeus
 99999 | Geh:7    | Noticed Asmodeus
100036 | Geh:7    | Killed Asmodeus
100190 | Geh:7    | Got an obsidian rune of Zot
100795 | Geh:7    | Identified the +8 shortbow "Poucodei" {flame, Int+2}
101085 | Depths:2 | Acquired the +3 pair of mountain boots {steadfast, rC+}
101085 | Depths:2 | Found the +3 pair of mountain boots {steadfast, rC+}
101736 | Coc:1    | Entered Level 1 of Cocytus
102561 | Coc:4    | HP: 9/249 [shard shrike (5)]
102561 | Coc:4    | Slain by a shard shrike

Illustrated notes

Levels and vault maps discovered:
D:1:      tarquinn_simple_flora_water_e, layout_loops_ring
D:2:      layout_basic, basic_ecumenical_altar, uniq_terence
D:3:      layout_basic, grunt_temple_overflow_champion_of_chaos,
          mainiacjoe_overflow_cross_hatched, ebering_dispersal_statue_hall,
          uniq_robin, uniq_ijyb
D:4:      layout_loops_cross, serial_shops, nicolae_lakefront_shop,
          gup_sewer_entry_bubbles, uniq_blork_the_orc, uniq_pikel
D:5:      layout_loops_ring, uniq_eustachio, uniq_crazy_yiuf_cottage
D:6:      kennysheep_big_flooded_room, layout_basic,
          minmay_temple_entry_water_ring
D:7:      layout_basic, minivault_24, uniq_prince_ribbit1
D:8:      layout_cave_pools, mainiacjoe_overflow_tiny_flanked, minivault_1,
          glass_columns_b, uniq_maggie, uniq_gastronok
D:9:      layout_irregular_city, nicolae_ru_great_annihilating_truth,
          david_lair_generic, serial_shops, nicolae_shop_bloodbath_and_beyond
D:10:     layout_small_grid, zombieorc1_lemuel, nzn_sisyphean_effort,
          uniq_fannar
D:11:     gammafunk_boulding_lane, layout_loops_ring
D:12:     layout_layer_cave, uniq_psyche, uniq_sonja
D:13:     layout_loops_ring, david_vaults_2, laboratory, uniq_nessos
D:14:     layout_rooms, minmay_misc_feat_tiny, lightli_fourway_metalbox,
          uniq_kirke
D:15:     gammafunk_depths_entry_grave, layout_basic, chequers_decorated_corner,
          library_closet, minmay_misc_feat_rugged, uniq_azrael
Temple:   minmay_temple_bridge_d
Lair:1:   layout_cave_pods, hibernation_bobbens, grunt_megastairs_4,
          lemuel_fruit_fields
Lair:2:   layout_roguey, swamp_mist
Lair:3:   layout_misc_corridors, guppyfry_snake_entry_island, minmay_holes
Lair:4:   layout_cave_shapes
Lair:5:   hangedman_lair_tendril_chambers, layout_hall_layers, slime_entry_1,
          gauntlet_entry_generic, serial_bayou_shore_b,
          infiniplex_staircase_pool, lemuel_fruit_fields, serial_bayou_shore_b,
          uniq_josephine, uniq_snorg
Swamp:1:  layout_basic_swamp, hangedman_swamp_pad
Swamp:2:  nicolae_swamp_tree_isthmus, layout_basic_swamp,
          nicolae_swamp_little_swirl, swamp_pool1, nicolae_swamp_trees_clearing,
          cheibrodos_swamp_witchery
Swamp:3:  cheibrodos_swamp_tower_of_moss, layout_falls_marsh,
          evilmike_swamp_ruin_house_3, swamp_pool1,
          hangedman_swamp_double_dragon
Swamp:4:  swamp, layout_basic_swamp, swamp_pool1,
          nicolae_swamp_feature_on_the_river_bank, uniq_donald
Snake:1:  layout_concentric_octagons, st_stairs_2, nicolae_snake_boneroom,
          grunt_megastairs_3, uniq_nikola
Snake:2:  layout_grid_maze, lemuel_fruit_tree, uniq_saint_roka
Snake:3:  layout_cave_town, basic_altar, nicolae_integral_box
Snake:4:  grunt_snake_rune_serpentine_throne, layout_rooms, drop_trap,
          minmay_shop_enchanted_jewellery, uniq_bai_suzhen, uniq_asterion,
          uniq_mlioglotl
Slime:1:  layout_caves
Slime:2:  layout_caves, basic_altar, nicolae_slime_barrier
Slime:3:  layout_caves, special_room [special_room_jelly],
          cheibrodos_slime_lost_civilization_4
Slime:4:  layout_caves
Slime:5
Orc:1:    layout_caves, mines3_lemuel
Orc:2:    grunt_orc_cross, layout_caves, serial_shops, shop
Elf:1:    eino_elf_arrival_customs, layout_rooms, serial_shops, shop,
          kennysheep_underground_church
Elf:2:    nicolae_elf_blades_splatter_lattice [mumra_blade_entry_bloodbath],
          layout_onion_city, serial_shops, shop, hangedman_elf_disciples,
          uniq_jorgrun
Elf:3:    elf_hall, layout_geoelf_diagonals, hangedman_elven_ridges,
          grunt_megastairs_2
Vaults:1: ontoclasm_vaults_idyll, nicolae_vaults_lopsided_apartments, v_rooms_4,
          ontoclasm_vaults_ring_large, nicolae_vaults_hallways_thing,
          nicolae_vaults_puzzle_piece, hangedman_vaults_cutoff,
          ontoclasm_vaults_loading_screen, vaults_room_door_hall,
          ontoclasm_vaults_bender, v_alt_pattern_5, layout_vaults_ring
Vaults:2: vaults_dpeg_hooks, minmay_crypt_entry_necro_gods,
          vaults_room_door_hall, hangedman_vaults_trim, v_misc_14,
          nicolae_vaults_puzzle_piece, v_misc_29, vaults_mumra_hex,
          vaults_room_hallway, hangedman_vaults_maws, nicolae_vaults_gold_heap,
          nicolae_vaults_angled_halls, layout_vaults_chaotic_city, serial_shops,
          shop
Vaults:3: nicolae_vaults_what_the_h, v_rooms_3, vaults_dpeg_ring,
          ontoclasm_vaults_decontamination, v_misc_14, v_misc_31, v_misc_33,
          nicolae_vaults_theta, vaults_room_stairs_pillars,
          layout_vaults_omnigrid
Vaults:4: v_misc_23, hangedman_vaults_stretched_pinwheel, ontoclasm_vaults_eye,
          v_rooms_6, nicolae_vaults_disjoint_gnomons,
          nicolae_vaults_network_periphery, hangedman_vaults_nails,
          grunt_vaults_hallway_short, v_misc_30,
          nicolae_vaults_little_squares_5, nicolae_vaults_little_squares_2,
          nicolae_vaults_ring_of_whatevers, layout_vaults_omnicross, uniq_aizul
Vaults:5: serial_shops
Crypt:1:  layout_rooms
Crypt:2:  layout_regular_city, nrook_guardian_serpent_ordinary, uniq_margery
Crypt:3:  david_glass_crypt, layout_basic, st_small_mortuary, uniq_vv
Depths:1: layout_cave_pools, lightli_too_deep, trove_entry_hex_spiral,
          nicolae_wu_jian_immortal_techniques, hangedman_decor_growths,
          minmay_hidden_floor, uniq_mara
Depths:2: kennysheep_scales, layout_gridlike, hellmouth_3, pan_entry,
          abyss_entry, serial_shops, bzr_in_the_mist, nicolae_shop_behind_doors,
          hex_intersection, nicolae_elyvilon_peaceful_grove,
          infiniplex_staircase_pool_lava, serial_bayou_shore_a, uniq_enchantress
Depths:3: giant_chief_lemuel, layout_cave_shapes, enter_ziggurat_a,
          nicolae_abyss_entry_one_way_or_another,
          hangedman_abyss_or_decor_jellyfish_corner, hellmouth_1
Depths:4: grunt_zot_entry_tricorne, layout_gridlike, minmay_misc_feat_encased,
          abyss_entry_flame_altar, grunt_hell_entry_dis_grunt, grunt_decor_cap,
          minmay_misc_feat_roman, hangedman_decor_opposing
Hell
Dis:1:    layout_gridville
Dis:2:    layout_subdivisions, nicolae_dis_big_boring_drill
Dis:3:    hangedman_dis_monolith, layout_regular_city
Dis:4:    layout_subdivisions
Dis:5:    layout_subdivisions, hangedman_dis_decor_tower
Dis:6:    layout_jigsaw, lemuel_dis_dragons
Dis:7:    dis_st
Geh:1:    layout_gehenna_lava_caves
Geh:2:    layout_gehenna_lava_caves, evilmike_ambush
          [evilmike_ambush_outer_pillars, evilmike_ambush_inner_wall_1]
Geh:3:    layout_gehenna_lava_caves
Geh:4:    layout_gehenna_pools_basic
Geh:5:    layout_gehenna_pools_basic
Geh:6:    layout_gehenna_lava_caves
Geh:7:    geh_hangedman
Coc:1:    layout_ice_bergs
Coc:2:    layout_ice_bergs
Coc:3:    layout_ice_bergs
Coc:4:    nicolae_coc_on_the_berg
Tar:1:    layout_grid_maze
Tar:2:    layout_grid_maze
Tar:3:    hangedman_tartarus_silent_blood_keep, layout_cathedral_of_symmetry
Tar:4:    layout_catacombs, nicolae_tar_honey_rotating
Tar:5:    layout_honeycomb
Tar:6:    layout_grid_maze
Tar:7:    tar_mu [tar_mu_maze]
Zot:1:    layout_gridlike, hangedman_zot_diagonal_lockstep
Zot:2:    layout_cellular_growth, st_stairs_7
Zot:3:    layout_cellular_growth, nrook_zot_tub
Zot:4:    layout_concentric_octagons
Zot:5:    layout_cathedral_of_symmetry

Skill      XL: |  1  2  3  4  5  6  7  8  9 10 11 12 13 14 15 16 17 18 19 20 21 22 23 24 25 26 27 |
---------------+----------------------------------------------------------------------------------+-----
Long Blades    | 4 5 6 10 11 13 15 16 17 18 19 22 24 | 24.0
Invocations    | 2 4 6 8 9 21 | 21.4
Shields        | 1 3 4 6 7 10 13 22 | 22.3
Armour         | 1 3 4 6 7 8 10 11 12 18 | 18.4
Fighting       | 3 5 7 10 12 13 14 15 16 17 18 20 21 22 23 27 | 27.0
Throwing       | 3 4 6 7 9 10 12 13 15 16 | 16.0
Dodging        | 5 7 10 11 12 14 16 17 18 19 20 21 22 23 27 | 27.0
Evocations     | 3 6 8 9 10 11 13 15 21 | 21.2
Transmutations | 3 4 |  4.0
Spellcasting   | 2 3 |  3.0
Translocations | 2 3 5 |  5.0
Stealth        | 4 7 9 10 21 | 21.0
Staves         | 14 | 14.0

Action                   |  1- 3 |  4- 6 |  7- 9 | 10-12 | 13-15 | 16-18 | 19-21 | 22-24 | 25-27 || total
-------------------------+-------+-------+-------+-------+-------+-------+-------+-------+-------++-------
Melee: Long sword        |    89 |    85 |   360 |   623 |       |       |       |       |       ||  1157
       Punch             |     1 |       |     9 |       |     1 |       |       |       |       ||    11
       Tailslap          |       |       |     8 |       |     6 |    24 |    11 |       |    15 ||    64
       Dagger            |       |       |       |    15 |    53 |       |       |       |       ||    68
       Triple sword      |       |       |       |     8 |   933 |  1061 |       |       |       ||  2002
       Trident           |       |       |       |     6 |       |       |       |       |       ||     6
       Halberd           |       |       |       |       |     5 |       |       |       |       ||     5
       Scimitar          |       |       |       |       |       |    26 |    45 |       |       ||    71
       Demon blade       |       |       |       |       |       |   196 |  1287 |   508 |  2931 ||  4922
       Eudemon blade     |       |       |       |       |       |       |       |       |  3958 ||  3958
       Headbutt          |       |       |       |       |       |       |       |       |   631 ||   631
       Double sword      |       |       |       |       |       |       |       |       |   438 ||   438
Throw: Boomerang         |     5 |     4 |    15 |    33 |     4 |    24 |       |    13 |   259 ||   357
       Throwing net      |     1 |     1 |       |       |     2 |     1 |       |       |     1 ||     6
       Dart              |       |     4 |    13 |    41 |    13 |    14 |       |       |     7 ||    92
       Javelin           |       |     1 |     1 |     5 |       |    25 |    17 |    16 |    79 ||   144
 Cast: Wereblood         |       |       |       |       |       |    16 |       |       |     2 ||    18
       Blink             |       |       |       |       |       |     2 |       |       |     1 ||     3
Invok: Heroism           |       |       |     2 |     6 |     1 |     3 |     1 |       |       ||    13
       Finesse           |       |       |       |     1 |     9 |     9 |     4 |     6 |    32 ||    61
       Summon Divine War |       |       |       |       |       |       |       |       |    38 ||    38
       Cleansing Flame   |       |       |       |       |       |       |       |       |    10 ||    10
       Divine Shield     |       |       |       |       |       |       |       |       |     5 ||     5
       Brand Weapon With |       |       |       |       |       |       |       |       |     1 ||     1
Evoke: Wand              |       |       |     1 |     6 |     5 |    15 |       |       |    16 ||    43
       Condenser vane    |       |       |       |       |       |     3 |     1 |       |     3 ||     7
       Phial of floods   |       |       |       |       |       |     1 |       |       |     4 ||     5
       Tin of tremorston |       |       |       |       |       |       |     5 |     2 |    16 ||    23
       Phantom mirror    |       |       |       |       |       |       |       |       |     1 ||     1
  Use: Scroll            |     2 |     2 |     2 |    15 |     5 |     8 |     6 |     1 |    17 ||    58
       Potion            |       |     5 |     2 |     1 |     3 |     3 |     3 |     3 |    25 ||    45
 Stab: Sleeping          |     1 |       |     4 |     5 |     1 |     1 |    29 |     5 |    29 ||    75
       Held in net/web   |       |     2 |       |       |       |       |       |       |     4 ||     6
       Distracted        |       |       |       |     1 |     1 |     4 |     4 |     2 |    14 ||    26
       Paralysed         |       |       |       |     1 |       |       |       |       |     1 ||     2
       Confused          |       |       |       |       |       |     1 |       |       |       ||     1
       Petrifying        |       |       |       |       |       |       |       |       |     1 ||     1
Armor: Leather armour    |    24 |    27 |   106 |   122 |   119 |       |       |       |       ||   398
       Troll leather arm |       |       |       |       |   173 |    96 |       |       |       ||   269
       Ring mail         |       |       |       |       |       |    96 |   198 |    50 |   489 ||   833
       Storm dragon scal |       |       |       |       |       |    42 |       |       |       ||    42
       Plate armour      |       |       |       |       |       |       |     6 |     1 |    20 ||    27
Dodge: Dodged            |    53 |    57 |   246 |   326 |  1133 |   871 |   669 |   146 |  3568 ||  7069
Block: Buckler           |       |       |     3 |   123 |       |   167 |   940 |   195 |    49 ||  1477
       Other             |       |       |       |       |   128 |   326 |       |       |       ||   454
       Kite shield       |       |       |       |       |       |       |       |       |  7301 ||  7301

Table legend: (Time is in decaauts)
 A = Elapsed time spent in this place.
 B = Non-inter-level travel time spent in this place.
 C = Inter-level travel time spent in this place.
 D = Time resting spent in this place.
 E = Time spent auto-exploring this place.
 F = Levels seen in this place.
 G = Mean time per level.
                   A        B        C        D        E       F      G
               +--------+--------+--------+--------+--------+-----+--------+
         Total |  98127 |  85691 |  12436 |  16415 |  46457 |  95 | 1032.9 |
       Dungeon |  20681 |  17599 |   3082 |   3571 |  10526 |  15 | 1378.7 |
        Temple |     89 |     70 |     19 |      0 |     52 |   1 |   89.0 |
          Lair |   8917 |   7135 |   1782 |   1260 |   4455 |   5 | 1783.4 |
         Swamp |   3675 |   3488 |    187 |    835 |   1792 |   4 |  918.8 |
     Snake Pit |   9107 |   8076 |   1031 |   2445 |   3829 |   4 | 2276.8 |
    Slime Pits |   1708 |   1485 |    223 |    677 |    216 |   5 |  341.6 |
  Orcish Mines |   2162 |   1570 |    592 |    321 |    894 |   2 | 1081.0 |
   Elven Halls |   4537 |   3979 |    558 |    965 |   1905 |   3 | 1512.3 |
        Vaults |   9891 |   8210 |   1681 |   1444 |   4967 |   5 | 1978.2 |
         Crypt |   3178 |   2910 |    268 |    577 |   1516 |   3 | 1059.3 |
        Depths |   6780 |   5442 |   1338 |    867 |   2867 |   4 | 1695.0 |
          Hell |   1176 |    981 |    195 |    306 |    306 |   1 | 1176.0 |
           Dis |   4347 |   4210 |    137 |    475 |   2062 |   7 |  621.0 |
       Gehenna |   2731 |   2623 |    108 |    200 |   1459 |   7 |  390.1 |
       Cocytus |    667 |    616 |     51 |     35 |    358 |   4 |  166.8 |
      Tartarus |   5645 |   5238 |    407 |    700 |   3088 |   7 |  806.4 |
           Zot |   6789 |   6017 |    772 |    966 |   3922 |   5 | 1357.8 |
         Abyss |   1563 |   1563 |      0 |    118 |     98 |   3 |  521.0 |
   Pandemonium |   2712 |   2712 |      0 |    172 |   1425 |   7 |  387.4 |
        Bazaar |     66 |     66 |      0 |      0 |     26 |   1 |   66.0 |
         Sewer |   1058 |   1058 |      0 |    352 |    480 |   1 | 1058.0 |
      Gauntlet |    640 |    640 |      0 |    124 |    209 |   1 |  640.0 |
               +--------+--------+--------+--------+--------+-----+--------+

Top non-repeatable levels by time:
   Tar:7: 3209 daAuts
 Snake:4: 3154 daAuts
Vaults:1: 2577 daAuts
 Snake:1: 2456 daAuts
  Lair:1: 2362 daAuts
    D:15: 2354 daAuts
   Dis:7: 2307 daAuts
   Elf:3: 2301 daAuts
    D:13: 2223 daAuts
Vaults:5: 2160 daAuts
Vaults:2: 2157 daAuts
  Lair:5: 2138 daAuts
 Snake:2: 2055 daAuts
Depths:2: 2044 daAuts
   Zot:4: 2005 daAuts
